 Dungeon Crawl Stone Soup version 0.25-a0-503-ge281fa6 (webtiles) character file.

Game seed: 3348631863664971950, levelgen mode: deterministic

51561 relicbr the Impaler (level 14, 0/133 HPs)
             Began as a Minotaur Gladiator on Feb 12, 2020.
             Was a High Priest of Okawaru.
             Slain by an orc warrior
             ... wielding a +0 war axe
              (22 damage)
             ... on level 1 of the Orcish Mines on Feb 13, 2020.
             The game lasted 00:54:06 (24218 turns).

relicbr the Impaler (Minotaur Gladiator)           Turns: 24218, Time: 00:54:06

Health: 0/133      AC: 18    Str: 23    XL:     14   Next: 23%
Magic:  20/20      EV: 11    Int:  5    God:    Okawaru [*****.]
Gold:   1412       SH:  0    Dex: 15    Spells: 13/13 levels left

rFire    . . .     SeeInvis .   a - +0 bardiche (vorpal)
rCold    . . .     Gourm    .   (shield currently unavailable)
rNeg     . . .     Faith    .   G - +0 plate armour
rPois    .         Spirit   .   c - +0 hat
rElec    .         Reflect  .   E - scarf {repulsion}
rCorr    .         Harm     .   A - +0 pair of gloves
MR       +....                  L - +2 pair of boots of the Assassin {Detection Stab+ Stlth++}
Stlth    ..........             (no amulet)
HPRegen  0.32/turn              z - ring of flight
MPRegen  0.17/turn              I - +2 ring of strength

@: heavily drained, repel missiles
A: retaliatory headbutt, horns 2
a: Heroism, Finesse, Renounce Religion, Evoke Flight


You were on level 1 of the Orcish Mines.
You worshipped Okawaru.
Okawaru was extremely pleased with you.
You were not hungry.

You visited 4 branches of the dungeon, and saw 20 of its levels.
You also visited: Ossuary.

You collected 1451 gold pieces.
You spent 39 gold pieces at shops.

Inventory:

Hand Weapons
 a - a +0 vorpal bardiche (weapon)
 b - a +0 spear of freezing
Missiles
 q - 50 poisoned darts (quivered)
Armour
 c - a +0 hat (worn)
 g - a scarf of cloud immunity
 A - a +0 pair of gloves (worn)
 E - a scarf of repulsion (worn)
 F - a +1 cloak of invisibility
 G - a +0 plate armour (worn)
 L - the +2 pair of boots of the Assassin (worn) {Detection Stab+ Stlth++}
   (You found it on level 6 of the Lair of Beasts)

   It makes you much more stealthy.
   If you remove this armour, your AC will decrease by 3 (18 -> 15).
Jewellery
 m - the amulet "Misir" {Gourm rC+ MR+}
   (You found it on level 3 of the Lair of Beasts)

   [amulet of the gourmand]

   It allows you to eat raw meat even when not hungry.
   It protects you from cold.
   It affects your resistance to hostile enchantments.
 z - a ring of flight (left hand)
 I - a +2 ring of strength (right hand)
 J - an uncursed amulet of regeneration
Wands
 d - a wand of flame (20)
 o - a wand of acid (10)
 s - a wand of digging (20)
 B - a wand of enslavement (8)
Scrolls
 e - a scroll of acquirement {unknown}
 h - 5 scrolls of blinking
 i - 6 scrolls of identify
 j - 3 scrolls of teleportation
 v - 6 scrolls of remove curse
 y - 2 scrolls of fear
Potions
 k - a potion of invisibility
 n - a potion of ambrosia
 p - 7 potions of curing
 r - 2 potions of flight
 u - 2 potions of haste
 w - 2 potions of might
 C - a potion of brilliance
 H - a potion of heal wounds
 K - 5 potions of agility
Miscellaneous
 l - a phantom mirror
Comestibles
 f - 41 rations


   Skills:
 - Level 14.5(12.1) Fighting
 * Level 16.8(14.3) Polearms
 - Level 2.0(0.2) Throwing
 - Level 11.2(9.0) Armour
 - Level 10.3(8.1) Dodging
 - Level 10.0(7.8) Invocations


You had 13 spell levels left.
You didn't know any spells.
Your spell library contained the following spells:

 Spells                   Type           Power        Failure   Level  Hunger
 Beastly Appendage        Tmut           #.....       100%        1    ##.....
 Magic Dart               Conj           #...         100%        1    ##.....
 Sandblast                Erth           #.....       100%        1    ##.....
 Sting                    Tmut/Pois      #...         100%        1    ##.....
 Blink                    Tloc           N/A          100%        2    ###....
 Call Imp                 Summ           #.......     100%        2    ###....
 Passwall                 Tmut/Erth      #.......     100%        2    ###....
 Poisonous Vapours        Pois/Air       #.....       100%        2    ###....
 Searing Ray              Conj           #.....       100%        2    ###....
 Shroud of Golubria       Chrm/Tloc      #.....       100%        2    ###....
 Slow                     Hex            #.......     100%        2    ###....
 Sticks to Snakes         Tmut           #.......     100%        2    ###....
 Conjure Flame            Conj/Fire      #.......     100%        3    ####...
 Dazzling Flash           Conj/Hex       #.....       100%        3    ####...
 Gell's Gravitas          Tloc           #.........   100%        3    ####...
 Ignite Poison            Fire/Tmut/Pois #.......     100%        3    ####...
 Lesser Beckoning         Tloc           #.........   100%        3    ####...
 Mephitic Cloud           Conj/Pois/Air  #.......     100%        3    ####...
 Spider Form              Tmut/Pois      #.........   100%        3    ####...
 Stone Arrow              Conj/Erth      #.....       100%        3    ####...
 Teleport Other           Tloc           #.......     100%        3    ####...
 Fulminant Prism          Conj/Hex       #.........   100%        4    #####..
 Ice Form                 Ice/Tmut       #.......     100%        4    #####..
 Iskenderun's Mystic Bla  Conj/Tloc      #.......     100%        4    #####..
 Olgreb's Toxic Radiance  Pois           #.......     100%        4    #####..
 Passage of Golubria      Tloc           N/A          100%        4    #####..
 Petrify                  Tmut/Erth      #.......     100%        4    #####..
 Blade Hands              Tmut           #.........   100%        5    ######.
 Irradiate                Conj/Tmut      #.........   100%        5    ######.
 Lee's Rapid Deconstruct  Erth           #.........   100%        5    ######.
 Hydra Form               Tmut           #.........   100%        6    #######
 Statue Form              Tmut/Erth      #........    100%        6    #######
 Dragon Form              Tmut           #.........   100%        7    #######


Dungeon Overview and Level Annotations

Branches:
Dungeon (11/15)            Temple (1/1) D:6            Lair (6/6) D:8
  Swamp (0/4) Lair:2       Spider (0/4) Lair:3        Slime (0/5) Lair:6
    Orc (2/2) D:11        Ossuary (visited)
    Elf: Orc:2

Altars:
Ashenzari
Cheibriados
Dithmenos
Elyvilon
Fedhas
Gozag
Hepliaklqana
Kikubaaqudgha
Makhleb
Nemelex Xobeh
Okawaru
Qazlal
Ru
Sif Muna
Trog
Uskayaw
Vehumet
Wu Jian
Xom
Yredelemnul
Zin
The Shining One

Shops:
D:9 *   Orc:2 (


Innate Abilities, Weirdness & Mutations

You reflexively headbutt those who attack you in melee.
You have a pair of horns on your head.


Message History

Aim: a troll (severely wounded)
You slice the troll!!
You kill the troll!
Okawaru accepts your kill.
The troll leather armour is intact enough to wear.
The orc warrior hits you with a +0 scimitar!
* * * LOW HITPOINT WARNING * * *
The orc warrior hits you with a +0 mace!
* * * LOW HITPOINT WARNING * * *
The orc warrior closely misses you.
Items here: )))) [[[ Attack whom?
Press: ? - help, Dir - move target cursor, f - orc warrior
Aim: an orc warrior, wielding a +0 war axe and wearing a +0 plate armour (lightly wounded, unusually strong)
You barely miss the orc warrior.
The orc warrior is lightly wounded.
The orc warrior closely misses you. You furiously retaliate!
You headbutt the orc warrior.
The orc warrior hits you with a +0 war axe!!
You die...

....#.#..................##
#.####............#...#...#
#####....................##
##.....................#
#.....................##
#..........[[.....#...#
##........[......###.##
##.......รท>[ooo......##
#.......[[[#@#[......##
##.....#.....#.<.......#
#.....#......##[[.#....#
##........>..###.#....##
###..#.###.## ####..##
###### ### ####


You could see 3 orc warriors.

Vanquished Creatures
  Kirke (Lair:4)
  5 hydras
  2 two-headed ogres
  5 death yaks
  An orc high priest (Orc:2)
  A necromancer (D:11)
  An orb spider (Lair:3)
  2 orc sorcerers
  An oklob plant (Lair:6)
  Maurice (D:8)
  9 elephants
  7 black mambas
  A torpor snail (Lair:5)
  The ghost of Rydian the Chiller, a novice MfIE of Sif Muna (D:5)
  10 spiny frogs
  2 rime drakes
  A tengu conjurer (D:11)
  3 trolls
  9 polar bears (Lair:6)
  9 blink frogs
  3 raiju (Lair:6)
  4 dream sheep
  5 hippogriffs
  A hog (Lair:4)
  Grum (D:9)
  4 basilisks
  A wyvern (Lair:5)
  36 yaks
  6 wargs
  12 hell hounds (Lair:6)
  13 water moccasins
  6 porcupines
  15 orc warriors
  2 ice beasts (D:9)
  2 phantoms
  7 sky beasts
  13 black bears
  A hornet zombie (D:10)
  A necrophage (D:10)
  10 ogres
  38 wolves
  15 crocodiles
  2 centaurs
  A big kobold (D:10)
  2 elf zombies (Ossuary)
  A gnoll sergeant (D:6)
  12 bullfrogs
  4 scorpions
  3 killer bees (D:9)
  14 wights
  5 howler monkeys
  4 crimson imps
  2 bullfrog zombies (D:10)
  A quasit (D:8)
  2 bullfrog skeletons
  A centaur zombie (Ossuary)
  4 hounds
  8 orc priests
  2 centaur skeletons
  3 human zombies (Ossuary)
  2 jellies
  3 gnoll shamans (D:6)
  7 iguanas
  5 worker ants
  13 orc wizards
  2 yak simulacra (D:11)
  3 wolf simulacra (D:11)
  A killer bee zombie (D:8)
  A big kobold zombie (Ossuary)
  3 hound zombies
  3 mummies (Ossuary)
  44 gnolls
  20 adders
  3 shadow imps
  5 oozes
  2 adder skeletons (D:7)
  5 adder zombies (Ossuary)
  3 worms
  8 leopard geckos
  48 orcs
  8 bats
  A giant cockroach (D:6)
  10 goblins
  9 hobgoblins
  23 jackals (D:6)
  20 kobolds
  3 quokkas
  4 ball pythons
  6 frilled lizards
  3 gnoll zombies (Ossuary)
  A goblin zombie (Ossuary)
  3 hobgoblin zombies (Ossuary)
  4 jackal zombies (Ossuary)
  2 kobold zombies (Ossuary)
  An orc zombie (Ossuary)
  2 quokka skeletons (D:7)
  5 quokka zombies
  6 rats
  6 rat zombies (Ossuary)
  6 river rat simulacra (D:11)
643 creatures vanquished.

Vanquished Creatures (others)
  A yak (D:6)
  3 humans (Lair:5)
  A bullfrog (Lair:5)
  A hound (D:6)
  An orc wizard (Orc:1)
  16 fungi
  14 plants
37 creatures vanquished.

Grand Total: 680 creatures vanquished

Notes
Turn   | Place    | Note
-------+----------+-------------------------------------------
     0 | D:1      | relicbr the Minotaur Gladiator began the quest for the Orb.
     0 | D:1      | Reached XP level 1. HP: 18/18 MP: 0/0
   106 | D:1      | Reached skill level 4 in Polearms
   202 | D:1      | Reached XP level 2. HP: 25/25 MP: 1/1
   457 | D:1      | Reached skill level 5 in Polearms
   580 | D:1      | Reached XP level 3. HP: 30/30 MP: 2/2
   959 | D:2      | Reached skill level 6 in Polearms
   959 | D:2      | Reached XP level 4. HP: 34/37 MP: 3/3
  1644 | D:2      | Reached XP level 5. HP: 41/42 MP: 4/4
  1880 | D:2      | Reached skill level 7 in Polearms
  1937 | D:2      | Found a burning altar of Makhleb.
  2542 | D:3      | Found a sacrificial altar of Ru.
  2592 | D:3      | Reached skill level 8 in Polearms
  3237 | D:4      | Reached XP level 6. HP: 50/50 MP: 5/5
  3499 | D:4      | Reached skill level 9 in Polearms
  3887 | D:5      | Entered Level 5 of the Dungeon
  3961 | D:5      | Found a runed translucent gate.
  3962 | D:5      | Found a runed translucent gate.
  3963 | D:5      | Found a runed translucent gate.
  3963 | D:5      | Noticed Rydian's ghost (novice MfIE)
  3965 | D:5      | Noticed an orc warrior
  3997 | D:5      | Reached XP level 7. HP: 56/56 MP: 6/6
  4072 | D:5      | Reached skill level 10 in Polearms
  4709 | D:5      | You fall into a shaft and drop 3 floors!
  5181 | D:8      | Reached skill level 5 in Fighting
  5394 | D:8      | Reached XP level 8. HP: 71/71 MP: 7/7
  5833 | D:8      | Noticed a hippogriff
  5840 | D:8      | Killed a hippogriff
  6045 | D:8      | Reached skill level 10 in Fighting
  6137 | D:8      | Found a staircase to the Lair.
  6149 | D:8      | Reached XP level 9. HP: 85/85 MP: 8/8
  6220 | D:8      | Noticed Maurice
  6273 | D:8      | Killed Maurice
  6273 | D:8      | Reached skill level 5 in Armour
  6656 | D:8      | Found a shadowy altar of Dithmenos.
  6656 | D:8      | Found a shattered altar of Ashenzari.
  7686 | D:6      | Reached skill level 10 in Armour
  7796 | D:6      | Found a white marble altar of Elyvilon.
  7798 | D:6      | Found a basalt altar of Yredelemnul.
  7798 | D:6      | Found a sparkling altar of Nemelex Xobeh.
  7923 | D:6      | Reached XP level 10. HP: 55/93 MP: 9/9
  7945 | D:6      | Found a sand-covered staircase.
  7954 | Ossuary  | Entered an ossuary
  8564 | D:6      | Reached skill level 5 in Dodging
  8994 | D:6      | Found a staircase to the Ecumenical Temple.
  9007 | Temple   | Entered the Ecumenical Temple
  9125 | Temple   | Became a worshipper of Warmaster Okawaru
  9703 | D:5      | Killed Rydian's ghost
  9930 | D:9      | Reached * piety under Okawaru
  9965 | D:9      | Got a twisted scale mail
  9976 | D:9      | Identified the +2 scale mail "Ixkoil" {rN+ MR- Dex+4 SInv}
                  | (You found it on level 9 of the Dungeon)
 10102 | D:9      | Found Yxenew's General Store.
 10110 | D:9      | Bought a potion of curing for 39 gold pieces
 10474 | D:9      | Noticed a two-headed ogre
 10487 | D:9      | Killed a two-headed ogre
 10487 | D:9      | Reached skill level 10 in Dodging
 10526 | D:9      | Reached XP level 11. HP: 99/99 MP: 10/10
 10948 | D:10     | Entered Level 10 of the Dungeon
 10948 | D:10     | Noticed Grum
 10958 | D:9      | Killed Grum
 10958 | D:9      | Reached ** piety under Okawaru
 11034 | D:9      | Reached skill level 11 in Polearms
 11545 | D:10     | Noticed a two-headed ogre
 11558 | D:10     | Killed a two-headed ogre
 11558 | D:10     | Reached skill level 12 in Polearms
 12003 | Lair:1   | Entered Level 1 of the Lair of Beasts
 12052 | Lair:1   | Reached *** piety under Okawaru
 12237 | Lair:1   | Reached skill level 13 in Polearms
 12809 | Lair:2   | Reached **** piety under Okawaru
 12831 | Lair:2   | Noticed a four-headed hydra
 12849 | Lair:2   | Killed a four-headed hydra
 12849 | Lair:2   | Reached skill level 14 in Polearms
 12959 | Lair:2   | Reached XP level 12. HP: 106/106 MP: 11/11
 12988 | Lair:2   | Reached skill level 15 in Polearms
 12998 | Lair:2   | Reached ***** piety under Okawaru
 13381 | Lair:2   | Found a staircase to the Swamp.
 13917 | Lair:3   | Noticed an eight-headed hydra
 13936 | Lair:3   | Killed an eight-headed hydra
 13936 | Lair:3   | Received a gift from Okawaru
 13985 | Lair:3   | Found a hole to the Spider Nest.
 14012 | Lair:3   | Reached skill level 16 in Polearms
 14083 | Lair:3   | Noticed a six-headed hydra
 14124 | Lair:3   | Reached skill level 1 in Invocations
 14344 | Lair:3   | Got a vibrating diamond amulet
 14714 | Lair:3   | Killed a six-headed hydra
 14714 | Lair:3   | Reached skill level 5 in Invocations
 14762 | Lair:4   | Identified the amulet "Misir" {Gourm rC+ MR+} (You found it
                  | on level 3 of the Lair of Beasts)
 15597 | Lair:5   | Noticed Kirke
 15635 | Lair:4   | Killed Kirke
 15746 | Lair:5   | Noticed a seven-headed hydra
 16223 | Lair:5   | Killed a seven-headed hydra
 16223 | Lair:5   | Reached XP level 13. HP: 113/113 MP: 15/18
 16819 | Lair:5   | Received a gift from Okawaru
 16865 | Lair:6   | Entered Level 6 of the Lair of Beasts
 16946 | Lair:5   | Reached skill level 10 in Invocations
 17972 | Lair:6   | Received a gift from Okawaru
 19600 | Lair:6   | Found a staircase to the Slime Pits.
 20910 | Lair:6   | Reached XP level 14. HP: 66/133 MP: 20/20
 21184 | Lair:6   | Found the +2 pair of boots of the Assassin {Detection Stab+
                  | Stlth++}
 21196 | Lair:6   | Received a gift from Okawaru
 22073 | D:11     | Found a staircase to the Orcish Mines.
 22344 | D:11     | Upgraded the game from 0.25-a0-502-g6516661 to
                  | 0.25-a0-503-ge281fa6
 22886 | D:11     | Found a white marble altar of Elyvilon.
 22964 | Orc:1    | Entered Level 1 of the Orcish Mines
 23451 | Orc:2    | Entered Level 2 of the Orcish Mines
 23451 | Orc:2    | Found Eqoduw Wewe's Antique Weapon Emporium.
 24218 | Orc:1    | Slain by an orc warrior

Levels and vault maps discovered:
D:1:      sevenhm_arrival_forest_fort_small_3, layout_loops_ring,
          minmay_pentomino_s2
D:2:      minmay_door_path, layout_basic, lemuel_round_altar,
          minmay_snake_closets
D:3:      layout_basic, first_ration, nicolae_ru_awakened_eye
D:4:      layout_loops_ring
D:5:      layout_layer_cave, gammafunk_ghost_split, minmay_fractal_squares_5
D:6:      lemuel_castle_with_subvaults [lemuel_castle_interior_carwin_1],
          layout_gridville, minitemple, minmay_temple_entry_grid,
          lightli_ossuary_entry_decrepit_ruins
D:7:      layout_rooms
D:8:      layout_loops_ring, grunt_temple_overflow_open, lair_entry_dummy,
          uniq_maurice
D:9:      layout_stronghold, serial_shops, shop
D:10:     layout_small_grid, uniq_grum
D:11:     layout_rooms, orc_david_3, basic_altar, grunt_tengu_nest,
          eino_house_with_fridge
Temple:   regret_index_temple_sphere_string
Lair:1:   layout_chaotic_city, infiniplex_staircase_pool, grunt_megastairs_1
Lair:2:   layout_regular_city, swamp_mist
Lair:3:   layout_hall_layers, nicolae_spider_entry_orb_guardian, st_stairs_9,
          grunt_megastairs_3
Lair:4:   layout_regular_city, minivault_25
Lair:5:   layout_layer_cave, uniq_kirke
Lair:6:   hangedman_lair_caniforms_friends, layout_regular_city,
          minmay_slime_entry_oklob_open, serial_bayou_shore_a
Orc:1:    cheibrodos_orc_arena, layout_caves, serial_shops
Orc:2:    grunt_orc_gardens, layout_caves, grunt_orc_garden, grunt_orc_garden,
          grunt_orc_garden, grunt_orc_garden, serial_shops, shop, basic_altar,
          mines3_lemuel

Skill      XL: |  1  2  3  4  5  6  7  8  9 10 11 12 13 |
---------------+----------------------------------------+-----
Polearms       | 4 5 6 8 9 10 14 16 | 16.8
Fighting       | 6 10 14 | 14.5
Armour         | 2 10 11 | 11.2
Dodging        | 10 | 10.3
Invocations    | 9 10 | 10.0
Throwing       | |  2.0

Action                   |  1- 3 |  4- 6 |  7- 9 | 10-12 | 13-15 || total
-------------------------+-------+-------+-------+-------+-------++-------
Melee: Trident           |    69 |   151 |   331 |   711 |   402 ||  1664
       Headbutt          |     8 |    23 |    43 |   271 |   206 ||   551
       Spear             |       |       |       |   446 |   217 ||   663
       Punch             |       |       |       |       |     2 ||     2
       Bardiche          |       |       |       |       |   154 ||   154
Throw: Boomerang         |     9 |    62 |    24 |     9 |       ||   104
       Dart              |       |       |    56 |    34 |    41 ||   131
       Throwing net      |       |       |     7 |    15 |     1 ||    23
Invok: Heroism           |       |       |       |     5 |    11 ||    16
       Finesse           |       |       |       |       |     1 ||     1
Evoke: Wand              |       |       |       |     4 |       ||     4
  Use: Scroll            |     3 |     6 |     9 |     8 |     5 ||    31
       Potion            |       |       |     2 |       |     3 ||     5
 Stab: Distracted        |       |     1 |       |       |       ||     1
       Held in net/web   |       |       |     5 |    18 |       ||    23
  Eat: Chunk             |       |     9 |    13 |    42 |    18 ||    82
Armor: Ring mail         |     5 |    14 |       |       |       ||    19
       Scale mail        |       |    25 |    40 |   134 |    38 ||   237
       Plate armour      |       |       |    73 |   149 |   272 ||   494
Dodge: Dodged            |    27 |    64 |    87 |   444 |   450 ||  1072
       Deflected         |       |       |       |       |     4 ||     4
Block: Other             |       |       |       |     2 |       ||     2

Table legend:
 A = Non-vault XP
 B = Vault XP
 C = Vault XP percentage of total XP
 D = Non-vault monster count
 E = Vault monster count
 F = Vault count percentage of total count
                 A         B        C        D         E       F
            +---------+---------+-------+---------+---------+-------
      Total |   52001 |   21658 |  29.4 |     435 |     209 |  32.5
            +---------+---------+-------+---------+---------+-------
        D:1 |      38 |       5 |  11.6 |      23 |       2 |   8.0
        D:2 |      76 |     125 |  62.2 |      19 |      14 |  42.4
        D:3 |     133 |       0 |   0.0 |      28 |       0 |   0.0
        D:4 |     299 |       0 |   0.0 |      11 |       0 |   0.0
        D:5 |     166 |     679 |  80.4 |       9 |       5 |  35.7
        D:6 |    1533 |     751 |  32.9 |      34 |      54 |  61.4
        D:7 |    1193 |       0 |   0.0 |      28 |       0 |   0.0
        D:8 |    2495 |     493 |  16.5 |      41 |       1 |   2.4
        D:9 |    3299 |     424 |  11.4 |      42 |       3 |   6.7
       D:10 |    2710 |       0 |   0.0 |      27 |       0 |   0.0
       D:11 |     641 |    1089 |  62.9 |      12 |      16 |  57.1
     Temple |     193 |       0 |   0.0 |       1 |       0 |   0.0
     Lair:1 |    2039 |     493 |  19.5 |       9 |       2 |  18.2
     Lair:2 |    7174 |       0 |   0.0 |      24 |       0 |   0.0
     Lair:3 |    3813 |    1772 |  31.7 |      14 |       6 |  30.0
     Lair:4 |    2920 |    2168 |  42.6 |      17 |       2 |  10.5
     Lair:5 |   11918 |     165 |   1.4 |      38 |       1 |   2.6
     Lair:6 |    9319 |   10969 |  54.1 |      39 |      56 |  58.9
      Orc:1 |    2042 |     521 |  20.3 |      19 |       4 |  17.4
      Orc:2 |       0 |    1493 | 100.0 |       0 |       3 | 100.0
    Ossuary |       0 |     511 | 100.0 |       0 |      40 | 100.0
            +---------+---------+-------+---------+---------+-------
